 Dungeon Crawl Stone Soup version 0.31-a0-8-gd14b0f4ee2 (webtiles) character file.

Game seed: 3198321618286581078

77 mistaj the Trooper (level 4, -9/25 HPs)
             Began as a Vine Stalker Fighter on May 6, 2023.
             Killed by divine providence
             ... invoked by an orc priest
              (13 damage)
             ... on level 3 of the Dungeon.
             The game lasted 00:02:53 (1678 turns).

mistaj the Trooper (Vine Stalker Fighter)           Turns: 1678, Time: 00:02:55

Health: -9/25      AC:  8    Str: 18    XL:     4   Next: 33%
Magic:  0/5        EV:  9    Int: 10    God:
Gold:   104        SH:  5    Dex: 20    Spells: 3/3 levels left

rFire   . . .        i - +2 whip (drain)
rCold   . . .        c - +0 buckler
rNeg    . . .        b - +0 scale mail
rPois   .            (no helmet)
rElec   .            n - +0 cloak
rCorr   .            q - +0 pair of gloves
SInv    .            (no boots)
Will    .....        (no amulet) Stlth
                     p - +6 ring of dexterity
HPRegen 1.04/turn    (no ring)
MPRegen 0.09/turn

%: guardian spirit
@: no status effects
A: fangs 2, regeneration 1, magic shield, antimagic bite, no potion heal 2
a: no special abilities


You were on level 3 of the Dungeon.
You visited 1 branch of the dungeon, and saw 3 of its levels.

You collected 104 gold pieces.

Inventory:

Hand Weapons
 i - a +2 whip of draining (weapon)
Missiles
 e - a throwing net (quivered)
Armour
 b - a +0 scale mail (worn)
 c - a +0 buckler (worn)
 n - a +0 cloak (worn)
 q - a +0 pair of gloves (worn)
Jewellery
 p - a +6 ring of dexterity (left hand)
Wands
 m - a wand of flame (17)
Scrolls
 f - a scroll of poison {unknown}
 h - a scroll of magic mapping {unknown}
 j - 2 scrolls of identify {unknown}
 k - a scroll of vulnerability {unknown}
 o - a scroll of silence {unknown}
 r - a scroll of acquirement {unknown}
 t - a scroll of blinking {unknown}
 u - a scroll of teleportation {unknown}
Potions
 a - a potion of berserk rage {unknown}
 d - a potion of might
 g - 2 potions of brilliance {unknown}
 l - 3 potions of mutation {unknown}
 s - a potion of degeneration {unknown}


   Skills:
 + Level 3.7 Fighting
 - Level 2.2(2.6) Axes
 + Level 2.0(2.4) Maces & Flails
 - Level 2.4 Armour
 - Level 2.6 Shields


You had 3 spell levels left.
You didn't know any spells.
Your spell library was empty.

Dungeon Overview and Level Annotations

Branches:
Dungeon (3/15)

Altars:

Shops:
D:1 (*[[[

Annotations:
D:3 Monarks's ghost, weakling DgCj


Innate Abilities, Weirdness & Mutations

You have extremely sharp teeth.
Your natural rate of healing is unusually fast.
When hurt, damage is shared between your health and your magic reserves.
Your bite disrupts and absorbs the magic of your enemies.
Potions cannot restore your health.


Message History

Beogh smites you!
* * * LOW HITPOINT WARNING * * *
You are too injured to fight recklessly!
You are too injured to fight recklessly!
You are too injured to fight recklessly!
Unknown command.
The orc attacks as you move away! The orc closely misses you.
The orc priest invokes the aid of Beogh against you.
Pain shoots through your body!
* * * LOW HITPOINT WARNING * * *
Found a book of Rime.
The orc priest calls upon Beogh to heal the orc.
The orc's wounds heal themselves!
You closely miss the orc. The orc hits you with a +0 club. x2
You are too injured to fight recklessly!
You are too injured to fight recklessly!
You are too injured to fight recklessly!
You are too injured to fight recklessly!
You whack the orc!
You kill the orc!
The orc barely misses you.
Your Maces & Flails skill increases to level 2!
You hit the orc priest but do no damage.
You bite the orc priest. You drain its power.
You feel invigorated.
The orc priest is lightly wounded.
The orc hits you but does no damage.
The orc priest hits you with a +0 hand axe.
You barely miss the orc priest.
The orc priest is lightly wounded.
You block the orc's attack.
The orc priest hits you with a +0 hand axe.
* * * LOW HITPOINT WARNING * * *
You hit the orc priest.
The orc priest is lightly wounded.
The orc hits you with a +0 trident.
* * * LOW HITPOINT WARNING * * *
The orc priest calls down the wrath of Beogh upon you.
Beogh smites you!
Ouch! That really hurt!
You die...

.#......#.##.....#..).##.$..
.#......#...#....#....# .
..#...#......#..#.....###.
..#...###....###...o#.......
..+.........###.............
..#........#..#...oo#....#.#
######....#....#...##.$....#
# #....#....o##.........#
######..........@o....##...#
.................o....# ....
...........................
.......######...:.......#
..#...## #.........#...
..#...# #........##.##
###...##### ######.... .
#........ ....# ##........


You could see 2 orc priests and an orc.

Vanquished Creatures
  Crazy Yiuf (D:2)
  A worm (D:2)
  A dart slug (D:3)
  2 orcs (D:3)
  2 endoplasms (D:1)
  3 giant cockroaches (D:1)
  3 goblins
  3 hobgoblins (D:1)
  2 quokkas
  4 ball pythons
  6 bats
  6 frilled lizards
  5 kobolds
  4 rats
43 creatures vanquished.

Vanquished Creatures (others)
  2 fungi (D:2)
2 creatures vanquished.

Grand Total: 45 creatures vanquished

Notes
Turn   | Place    | Note
-------+----------+-------------------------------------------
     0 | D:1      | mistaj the Vine Stalker Fighter began the quest for the
                  | Orb.
     0 | D:1      | Reached XP level 1. HP: 11/11 MP: 2/2
    12 | D:1      | Found Pus Zyd's Armour Shoppe.
   150 | D:1      | Reached XP level 2. HP: 16/16 MP: 3/3
   161 | D:1      | Found Tocar's General Store.
   180 | D:1      | Found Sippojos's Antique Weapon Boutique.
   190 | D:1      | Reached skill level 3 in Fighting
   364 | D:1      | Found a faded altar of an unknown god.
   408 | D:1      | Found Humuj's Antique Armour Emporium.
   492 | D:1      | Found Issiexea's Armour Boutique.
   615 | D:1      | Reached XP level 3. HP: 20/20 MP: 4/4
   922 | D:2      | Reached skill level 1 in Maces & Flails
  1155 | D:2      | Found a runed translucent door.
  1156 | D:2      | Noticed Crazy Yiuf
  1163 | D:2      | Killed Crazy Yiuf
  1164 | D:2      | Gained mutation: Your natural rate of healing is unusually
                  | fast. [Vine Stalker growth]
  1164 | D:2      | Reached XP level 4. HP: 6/25 MP: 2/5
  1602 | D:3      | Noticed Monarks's ghost (weakling DgCj)
  1678 | D:3      | Killed from afar by an orc priest

Illustrated notes

Levels and vault maps discovered:
D:1:      dpeg_arrival_arbitrary_c, layout_rooms,
          dreamdust_ecumenical_altar_hidden_monk_grotto, serial_shops,
          shop_fountains, shop, nicolae_shop_hallway_stairs,
          nicolae_shop_back_alley_shop, shop, amcnicky_mini_corridor_feature
D:2:      layout_loops_ring, uniq_crazy_yiuf_cottage
D:3:      layout_basic, gammafunk_ghost_arena, minmay_misc_feat_chi,
          uniq_terence

Skill      XL: |  1  2  3  4 |
---------------+-------------+-----
Axes           | 2 |  2.2
Fighting       | 3 |  3.7
Maces & Flails | 1 2 |  2.0
Armour         | |  2.4
Shields        | |  2.6

Action                     |  1- 3 |  4- 6 || total
---------------------------+-------+-------++-------
  Melee: War axe           |    26 |       ||    26
         Bite              |    13 |     4 ||    17
         Whip              |    46 |    24 ||    70
 Armour: Scale mail        |    35 |     9 ||    44
  Dodge: Dodged            |    26 |    16 ||    42
  Block: Buckler           |    13 |     4 ||    17

Table legend: (Time is in decaauts)
 A = Elapsed time spent in this place.
 B = Non-inter-level travel time spent in this place.
 C = Inter-level travel time spent in this place.
 D = Time resting spent in this place.
 E = Time spent auto-exploring this place.
 F = Levels seen in this place.
 G = Mean time per level.
                   A        B        C        D        E       F      G
               +--------+--------+--------+--------+--------+-----+--------+
         Total |   1691 |   1644 |     47 |    143 |   1151 |   3 |  563.7 |
       Dungeon |   1691 |   1644 |     47 |    143 |   1151 |   3 |  563.7 |
               +--------+--------+--------+--------+--------+-----+--------+

Top non-repeatable levels by time:
     D:1: 866 daAuts
     D:2: 717 daAuts
     D:3: 106 daAuts
